AoeStats
← U_Picciò

Black Forest

509355654Analyzed
4v4 RM · 7d ago on Sep 26, 2026· 12m 54s· 8 players
Game mode
Random Map
Map size
Large (8 player)
Population
200
Speed
Normal
Resources
Standard
Victory
Conquest
Starting age
Dark Age
Ending age
Imperial Age
RankedLock teamsTeams togetherTeam positionsShared explorationLock speedFull tech treeHidden civsTurbo modeCheats
Victory
Defeat
🇱🇻 Turks · Latvia
837
+8
🇧🇿 Khmer · Belize
671
+15
🇦🇷 Lithuanians · Argentina
631
+16
🇭🇰 Persians · Hong Kong SAR China
488
+23
🇯🇵 Persians · Japan
671
-17
🇮🇹 Japanese · Italy
664
-16
🇨🇳 Bohemians · China
626
-15
🇮🇹 Vietnamese · Italy
603
-14
U_Picciò
12:50 Feudal Age
Luke91
0:27 Loom
13:41 Feudal Age
sada613
11:38 Feudal Age
12:02 Double-Bit Axe
w__tiger
1:47 Loom
AE75
0:35 Loom
13:25 Feudal Age
isapau7695
0:33 Loom
13:17 Feudal Age
Luciano24cm
5:42 Loom
8:46 Feudal Age
9:22 Double-Bit Axe
baby
0:31 Loom
Connection lost

Rejoining the realm…

Still unreachable

The connection could not be restored.

Session expired

The server has moved on; the page needs a fresh start.